 Dungeon Crawl Stone Soup version 0.25.1-8-g42b30a86e7 (webtiles) character file.

Game seed: 9180242519942250611

1265 hehateme the Fighter (level 8, -2/93 HPs)
             Began as an Ogre Fighter on Dec 5, 2020.
             Was a Follower of Okawaru.
             Killed by divine providence
             ... invoked by an orc priest
              (14 damage)
             ... on level 6 of the Dungeon.
             The game lasted 00:17:40 (8682 turns).

hehateme the Fighter (Ogre Fighter)                 Turns: 8682, Time: 00:17:41

Health: -2/93      AC:  4    Str: 23    XL:     8   Next: 52%
Magic:  8/8        EV:  7    Int:  9    God:    Okawaru [*.....]
Gold:   154        SH:  8    Dex:  8    Spells: 7/7 levels left

rFire    . . .     SeeInvis .   y - +2 mace (vorpal)
rCold    . . .     Gourm    .   c - +0 kite shield
rNeg     . . .     Faith    .   r - +0 robe
rPois    .         Spirit   .   (helmet restricted)
rElec    .         Reflect  .   C - +0 cloak
rCorr    .         Harm     .   (gloves unavailable)
MR       .....                  (boots unavailable)
Stlth    +.........             (no amulet)
HPRegen  0.25/turn              (no ring)
MPRegen  0.11/turn              (no ring)

@: lightly drained
A: large, unfitting armour, tough skin 1, MP-powered wands, sturdy frame 1
a: Heroism, Renounce Religion


You were on level 6 of the Dungeon.
You worshipped Okawaru.
Okawaru was aware of your devotion.
You were near starving.

You visited 2 branches of the dungeon, and saw 7 of its levels.

You collected 275 gold pieces.
You spent 121 gold pieces at shops.

Inventory:

Hand Weapons
 a - a +0 war axe
 y - a +2 vorpal mace (weapon)
Missiles
 d - 29 sling bullets
 f - 9 boomerangs
 j - 79 bolts
 m - 73 arrows
 p - 27 stones (quivered)
Armour
 b - a +0 robe
 c - a +0 kite shield (worn)
 r - a +0 robe (worn)
 C - a +0 cloak (worn)
Jewellery
 l - an uncursed amulet of faith {unknown}
 Q - a +6 ring of dexterity {unknown}
Wands
 D - a wand of digging (6)
Scrolls
 i - 2 scrolls of enchant armour {unknown}
 n - a scroll of amnesia
 o - a scroll of acquirement {unknown}
 x - a scroll of magic mapping {unknown}
 A - a scroll of fear {unknown}
 B - a scroll of enchant weapon {unknown}
 E - a scroll of fog
 F - a scroll of immolation {unknown}
Potions
 g - 2 potions of curing
 h - a potion of heal wounds
 k - a potion of stabbing
 q - a potion of mutation {!q}
 s - a potion of haste
 t - a potion of berserk rage {unknown}
 v - a potion of degeneration {!q}
 z - a potion of resistance
Comestibles
 e - 3 rations


   Skills:
 + Level 10.0(9.4) Fighting
 + Level 7.3(6.7) Axes
 - Level 2.6(2.1) Dodging
 - Level 2.6(2.1) Shields


You had 7 spell levels left.
You didn't know any spells.
Your spell library was empty.

Dungeon Overview and Level Annotations

Branches:
Dungeon (6/15)             Temple (1/1) D:5

Altars:
Ashenzari
Cheibriados
Elyvilon
Fedhas
Gozag
Hepliaklqana
Kikubaaqudgha
Nemelex Xobeh
Okawaru
Qazlal
Sif Muna
Uskayaw
Vehumet
Wu Jian
Xom
Zin
The Shining One

Shops:
D:6 [

Annotations:
D:3 exclusion: downstairs
D:4 1 runed translucent door, Crazy Yiuf, Edmund
D:5 2 transporters, exclusion: downstairs


Innate Abilities, Weirdness & Mutations

You are too large for most types of armour.
You have tough skin. (AC +1)
You expend magic power (3 MP) to strengthen your wands.
Your movements are slightly less encumbered by armour. (ER -2)


Message History

Beogh smites you!
* * * LOW HITPOINT WARNING * * *
You take 8 damage, and have 25/93 hp.
You closely miss something. Something hits you but does no damage.
The orc throws a boomerang.
The boomerang hits you.
* * * LOW HITPOINT WARNING * * *
The weapon returns to the orc!
You hear some strange, mumbled words.
The orc throws a boomerang.
The boomerang hits you.
* * * LOW HITPOINT WARNING * * *
The weapon returns to the orc!
You take 4 damage, and have 21/93 hp.
You sock something!
You hear some strange, mumbled words.
A puff of flame appears from out of thin air!
The puff of flame hits you!
* * * LOW HITPOINT WARNING * * *
The orc priest calls down the wrath of Beogh upon you.
Beogh smites you!
You die...

# .# #.. ###..#### ### ##.(
#.......# #.. ##..(#
#.##.##.# #.# #....(#
##.##.##.###.# ......(##
##..##.##......
#........o####...#..##..##.#
+........o{@................
........r####..........##.#
.......## ##.##.####.##..
#.....# ####.# #.###. ##...#
#.# #.###. ##'# #.# #.....
#.# #.# #####. #.# #.# #.
##.## #.# #.

Skill      XL: |  1  2  3  4  5  6  7  8 |
---------------+-------------------------+-----
Fighting       | 5 6 7 9 10 | 10.0
Axes           | 3 4 5 6 7 |  7.3
Dodging        | |  2.6
Shields        | |  2.6

Notes
Turn   | Place    | Note
-------+----------+-------------------------------------------
     0 | D:1      | hehateme the Ogre Fighter began the quest for the Orb.
     0 | D:1      | Reached XP level 1. HP: 24/24 MP: 1/1
   145 | D:1      | Reached XP level 2. HP: 27/33 MP: 2/2
   655 | D:1      | Reached XP level 3. HP: 41/41 MP: 3/3
  1007 | D:2      | Reached skill level 5 in Fighting
  1007 | D:2      | Reached skill level 3 in Axes
  1009 | D:2      | Reached XP level 4. HP: 40/50 MP: 4/4
  1364 | D:2      | Found a faded altar of an unknown god.
  1364 | D:2      | Found a shimmering blue altar of Sif Muna.
  1372 | D:2      | Found a faded altar of an unknown god.
  1374 | D:2      | Found a shimmering altar of Xom.
  1376 | D:2      | Found a glowing golden altar of the Shining One.
  2192 | D:3      | Reached XP level 5. HP: 44/59 MP: 5/5
  2353 | D:2      | Reached skill level 6 in Fighting
  2353 | D:2      | Reached skill level 4 in Axes
  2706 | D:3      | Noticed an ice beast
  2988 | D:3      | Found an ancient bone altar of Kikubaaqudgha.
  3607 | D:3      | Reached XP level 6. HP: 55/68 MP: 6/6
  3679 | D:3      | Found a sparkling altar of Nemelex Xobeh.
  3975 | D:4      | Noticed an orc warrior
  4064 | D:4      | Reached skill level 7 in Fighting
  4080 | D:4      | Noticed Edmund
  4333 | D:4      | Noticed Ijyb
  4352 | D:4      | Killed Ijyb
  4352 | D:4      | Reached skill level 5 in Axes
  4628 | D:4      | Found a runed translucent door.
  4629 | D:4      | Noticed Crazy Yiuf
  5042 | D:4      | You fall into a shaft and drop 1 floor!
  5042 | D:5      | Entered Level 5 of the Dungeon
  5161 | D:4      | Reached XP level 7. HP: 63/79 MP: 7/7
  5408 | D:5      | Found a white marble altar of Elyvilon.
  5441 | D:5      | Found a shattered altar of Ashenzari.
  5528 | D:5      | Reached skill level 8 in Fighting
  5675 | D:5      | Found a transporter.
  5729 | D:5      | Found a staircase to the Ecumenical Temple.
  5735 | Temple   | Entered the Ecumenical Temple
  5749 | Temple   | Became a worshipper of Warmaster Okawaru
  5935 | D:5      | Reached skill level 6 in Axes
  6098 | D:5      | Found a transporter.
  6312 | D:6      | Reached skill level 9 in Fighting
  6337 | D:6      | Reached XP level 8. HP: 89/92 MP: 8/8
  6377 | D:6      | HP: 22/92 [iguana (7)]
  6694 | D:6      | HP: 13/92 [orc warrior/+0 short sword (14)]
  7260 | D:6      | Reached * piety under Okawaru
  7260 | D:6      | Reached skill level 7 in Axes
  7507 | D:6      | Found Riozon's Antique Armour Boutique.
  7542 | D:6      | Bought a cloak for 121 gold pieces
  8063 | D:6      | Gained mutation: Your mind is acute. (Int +2) [potion of
                  | mutation]
  8063 | D:6      | Lost mutation: Your mind is acute. (Int +2) [potion of
                  | mutation]
  8063 | D:6      | Gained mutation: You expend magic power (3 MP) to
                  | strengthen your wands. [potion of mutation]
  8063 | D:6      | Gained mutation: Your movements are slightly less
                  | encumbered by armour. (ER -2) [potion of mutation]
  8659 | D:6      | Reached skill level 10 in Fighting
  8675 | D:6      | HP: 13/93 [orc priest/divine providence (14)]
  8681 | D:6      | HP: 22/93 [orc/boomerang (3)]
  8682 | D:6      | Killed from afar by an orc priest

Table legend:
 A = Turns spent in this place as a percentage of turns spent in the entire game.
 B = Non-inter-level travel turns spent in this place as a percentage of non-inter-level travel turns spent in the entire game.
 C = Inter-level travel turns spent in this place as a percentage of turns spent in this place.
 D = Turns resting spent in this place as a percentage of non-inter-level travel turns spent in this place.
 E = Turns spent auto-exploring this place as a percentage of non-inter-level travel turns spent in this place.
 F = Non-inter-level travel turns spent in this place divided by the number of levels of this place that you've seen.
                   A       B       C       D       E      F
               +-------+-------+-------+-------+-------+----------------------
         Total | 100.0 | 100.0 |   3.8 |  23.9 |  60.2 | 1193.0
       Dungeon |  99.7 |  99.9 |   3.6 |  23.9 |  60.2 | 1390.7
        Temple |   0.3 |   0.1 |  69.6 |   0.0 |  57.1 |   7.0
               +-------+-------+-------+-------+-------+----------------------

Table legend:
 A = Kills in this place as a percentage of kills in entire the game.
 B = Kills by you in this place as a percentage of kills by you in the entire game.
 C = Kills by friends in this place as a percentage of kills by friends in the entire game.
 D = Other kills in this place as a percentage of other kills in the entire game.
 E = Experience gained in this place as a percentage of experience gained in the entire game.
 F = Experience gained in this place divided by the number of levels of this place that you have seen.
                   A       B       C       D       E      F
               +-------+-------+-------+-------+-------+----------------------
         Total | 100.0 | 100.0 |   N/A |   N/A | 100.0 | 258.3
       Dungeon | 100.0 | 100.0 |   N/A |   N/A | 100.0 | 301.3
               +-------+-------+-------+-------+-------+----------------------

Action                   |  1- 3 |  4- 6 |  7- 9 || total
-------------------------+-------+-------+-------++-------
Melee: War axe           |    64 |   200 |     1 ||   265
       Mace              |       |       |   180 ||   180
Throw: Stone             |       |    94 |    69 ||   163
  Use: Potion            |     1 |     1 |     8 ||    10
       Scroll            |       |     1 |    10 ||    11
  Eat: Chunk             |       |    12 |     8 ||    20
       Ration            |       |       |     1 ||     1
Armor: Robe              |    15 |    43 |    30 ||    88
Dodge: Dodged            |    21 |    75 |    51 ||   147
Block: Kite shield       |    33 |    82 |    65 ||   180

Vanquished Creatures
  An orc warrior (D:6)
  2 ogres (D:5)
  2 howler monkeys (D:5)
  2 crimson imps (D:6)
  A centaur zombie (D:6)
  2 hounds
  A jelly (D:4)
  2 orc priests
  An iguana (D:6)
  A centaur skeleton (D:6)
  Ijyb (D:4)
  6 orc wizards
  8 worker ants
  4 gnolls (D:2)
  9 adders
  2 oozes
  4 worms
  3 dart slugs
  4 leopard geckos
  22 orcs
  A ball python (D:3)
  4 bats
  4 giant cockroaches
  9 goblins
  4 hobgoblins
  7 jackals
  A quokka (D:3)
  4 frilled lizards
  4 kobolds
  A leopard gecko skeleton (D:6)
  A quokka zombie (D:6)
  5 rats
123 creatures vanquished. You could see an orc priest, an orc and a quokka.

Levels and vault maps discovered:
D:1:      dpeg_arrival_tiny_k, layout_loops_ring,
          hangedman_abyss_or_decor_lesser_grid
D:2:      layout_loops_ring, chequers_temple_overflow_minitemple, hex_tiny
D:3:      layout_rooms, lemuel_coloured_pillars_altar, lemuel_round_altar,
          first_ration, patterned_corridor
D:4:      minmay_chambers_of_fours, layout_basic, uniq_crazy_yiuf_cottage,
          uniq_ijyb, uniq_edmund
D:5:      layout_rooms, gammafunk_temple_overflow_arena, temple_green
D:6:      layout_loops_corners, serial_shops, nicolae_shop_overgrown_old_shop
Temple:   nicolae_temple_great_sept
